 Dungeon Crawl Stone Soup version 0.31.0-11-ge490571c62 (webtiles) character file.

Game seed: 10423206984284223723

37 Arcadio the Twirler (level 3, 0/23 HPs)
             Began as a Gargoyle Gladiator on Feb 1, 2024.
             Slain by a gnoll
             ... wielding a +0 halberd
              (7 damage)
             ... on level 2 of the Dungeon.
             The game lasted 00:01:55 (1082 turns).

Arcadio the Twirler (Gargoyle Gladiator)            Turns: 1082, Time: 00:01:56

Health: 0/23       AC: 11    Str: 19    XL:     3   Next: 39%
Magic:  3/3        EV: 10    Int:  8    God:
Gold:   29         SH:  0    Dex: 11    Spells: 2/2 levels left

rFire   . . .        a - +0 quarterstaff
rCold   . . .        (shield currently unavailable)
rNeg    + . .        p - +0 scale mail
rPois   ∞            c - +0 helmet
rElec   +            (no cloak)
rCorr   .            (no gloves)
SInv    .            o - +0 pair of boots
Will    .....        (no amulet) Stlth
                     (no ring)
HPRegen 0.23/turn    (no ring)
MPRegen 0.08/turn

%: no passive effects
@: no status effects
A: sickness immunity, AC +3, negative energy resistance 1, electricity
resistance, torment resistance 1, petrification resistance
a: no special abilities


You were on level 2 of the Dungeon.
You visited 1 branch of the dungeon, and saw 2 of its levels.

You collected 29 gold pieces.

Inventory:

Hand Weapons
 a - a +0 quarterstaff (weapon)
Missiles
 d - 3 throwing nets (quivered)
 e - 4 javelins
Armour
 b - a +0 leather armour
 c - a +0 helmet (worn)
 o - a +0 pair of boots (worn)
 p - a +0 scale mail (worn)
Jewellery
 i - an amulet of magic regeneration
Scrolls
 g - a scroll of teleportation {unknown}
 h - a scroll of enchant armour {unknown}
 k - a scroll of immolation {unknown}
 l - 2 scrolls of revelation
 m - a scroll of blinking {unknown}
 n - a scroll of fog {unknown}
Potions
 f - a potion of mutation


   Skills:
 + Level 3.0 Fighting
 + Level 3.4 Staves
 - Level 1.7 Throwing
 + Level 0.1 Armour
 - Level 2.8 Dodging


You had 2 spell levels left.
You didn't know any spells.
Your spell library contained the following spells:

 Spells                   Type           Power      Damage    Failure   Level
 Apportation              Tloc           0%         N/A       80%         1
 Necrotise                Necr           0%         1d4       80%         1
 Sting                    Conj/Alch      0%         1d3       80%         1
 Summon Small Mammal      Summ           0%         N/A       80%         1


Dungeon Overview and Level Annotations

Branches:
Dungeon (2/15)

Altars:

Shops:
D:2 =


Innate Abilities, Weirdness & Mutations

You are immune to sickness and miasma.
Your stone body is resilient. (AC +3)
You are immune to poison.
You resist negative energy. (rN+)
You are resistant to electric shocks. (rElec)
You are resistant to unholy torment.
You are immune to petrification.


Message History

You finish taking off your +0 leather armour.
You start putting on your armour.
You continue putting on your +0 scale mail. x5
You finish putting on your +0 scale mail.
HP restored.
A gnoll comes into view. It is wielding a +0 halberd.
The gnoll shouts!
A gnoll comes into view. It is wielding a +0 club.
The gnoll shouts!
A gnoll comes into view. It is wielding a +1 heavy flail.
The gnoll shouts!
You hear a shout!
The gnoll hits you with a +0 halberd.
You hear an angry hiss.
You hit the gnoll.
The gnoll is lightly wounded.
A gnoll comes into view.
It is wielding a +0 whip and quivering 2 throwing nets.
The gnoll hits you with a +0 halberd.
You hit the gnoll.
The gnoll is moderately wounded.
You barely miss the gnoll. The gnoll barely misses you.
A ball python comes into view.
The gnoll barely misses you.
An endoplasm comes into view.
The gnoll hits you from afar with a +0 halberd!
* * * LOW HITPOINT WARNING * * *
The ball python hisses angrily.
You thump the gnoll!
The gnoll is heavily wounded.
The gnoll hits you but does no damage. The gnoll misses you.
The gnoll attacks as it pursues you! The gnoll hits you but does no damage.
The endoplasm jiggles.
The gnoll attacks as it pursues you! The gnoll hits you with a +0 club.
* * * LOW HITPOINT WARNING * * *
Sorry, you're not good enough to have a special ability.
Unknown command.
You feel better. The gnoll hits you but does no damage.
You closely miss the gnoll.
The gnoll is heavily wounded.
The gnoll hits you from afar with a +0 halberd!
You die...

*,* **,,,*,* #.# *,*
***,*,* #.# *,* *,*,*
########.# *,* *,*,*
#........# *,** *,*,*
#.######## ,,,* *,*,*
#.# ,,,****#,*,* #.#
,,,,,,,...S###########.#
,~,,*****#g.Jggg@......#
~~,** #.#############
~,,*******,*
,~,,,,,,,,,*
,,********** ***


You could see 4 gnolls, an endoplasm and a ball python.

Vanquished Creatures
  3 dart slugs (D:1)
  3 endoplasms
  A giant cockroach (D:1)
  2 goblins (D:1)
  2 hobgoblins (D:2)
  4 jackals (D:1)
  4 kobolds
  2 ball pythons
  3 bats
  A frilled lizard (D:1)
  3 rats
28 creatures vanquished.

Notes
Turn   | Place    | Note
-------+----------+-------------------------------------------
     0 | D:1      | Arcadio the Gargoyle Gladiator began the quest for the Orb.
     0 | D:1      | Reached XP level 1. HP: 12/12 MP: 1/1
   143 | D:1      | Reached XP level 2. HP: 18/18 MP: 2/2
   441 | D:1      | Reached XP level 3. HP: 18/22 MP: 3/3
   982 | D:2      | Found Geson's Jewellery Boutique.
  1080 | D:2      | HP: 1/23 [gnoll/+0 club (3)]
  1082 | D:2      | Slain by a gnoll

Illustrated notes

Levels and vault maps discovered:
D:1:      matt_arrival_debris, layout_loops_ring
D:2:      layout_loops_ring, ebering_ecumenical_altar_petrified, serial_rivers,
          chequers_serial_rivers_micro_c, chequers_serial_rivers_room_b,
          chequers_serial_rivers_marsh, chequers_serial_rivers_micro_d,
          serial_shops, shop, hangedman_decor_lopped

Skill      XL: |  1  2  3 |
---------------+----------+-----
Fighting       | 3 |  3.0
Staves         | |  3.4
Throwing       | |  1.7
Armour         | |  0.1
Dodging        | |  2.8

Action                     || total
---------------------------++-------
  Melee: Quarterstaff      ||    64
    Use: Scroll            ||     3
         Potion            ||     1
 Armour: Leather armour    ||    28
         Scale mail        ||     8
  Dodge: Dodged            ||    33
